 Dungeon Crawl Stone Soup version 0.13-a0-1590-g33f0eee (webtiles) character file.

206 Root the Ruinous (level 4, 0/24 HPs)
             Began as a Deep Elf Conjurer on June 13, 2013.
             Killed from afar by Sigmund (12 damage)
             ... with a puff of flame
             ... on Level 3 of the Dungeon.
             The game lasted 00:05:09 (2851 turns).

Root the Ruinous (Deep Elf Conjurer)                Turns: 2851, Time: 00:05:09

HP   0/24        AC  2     Str  6      XL: 4   Next: 30%
MP   5/14        EV 13     Int 20      God:
Gold 118         SH  0     Dex 15      Spells:  3 memorised,  2 levels left

Res.Fire  : . . .   See Invis. : .   (no weapon)
Res.Cold  : . . .   Warding    : .   a - +0 elf robe
Life Prot.: . . .   Conserve   : .   (no shield)
Res.Poison: .       Res.Corr.  : .   (no helmet)
Res.Elec. : .       Clarity    : .   (no cloak)
Sust.Abil.: . .     Spirit.Shd : .   (no gloves)
Res.Mut.  : .       Stasis     : .   (no boots)
Res.Rott. : .       Flight     : .   (no amulet)
Saprovore : . . .                    (no ring)
                                     (no ring)

@: slightly resistant to hostile enchantments, fairly stealthy
A: no striking features
a: no special abilities


You were on level 3 of the Dungeon.
You were not hungry.

You visited 1 branch of the dungeon, and saw 3 of its levels.

You collected 98 gold pieces.

Inventory:

Armour
 a - a +0 elven robe (worn)
Comestibles
 b - 2 bread rations
 d - 2 chokos
 f - 2 meat rations
 g - an apple
 t - a beef jerky
Scrolls
 e - 4 scrolls of remove curse {unknown}
 k - 2 scrolls of fear {unknown}
 n - a scroll of recharging {unknown}
 p - 2 scrolls of amnesia {unknown}
 q - a scroll of enchant armour {unknown}
 r - a scroll of curse jewellery {unknown}
 s - a scroll of noise {unknown}
 w - a scroll of enchant weapon I {unknown}
 x - a scroll of identify {unknown}
Jewellery
 i - an uncursed amulet of faith {unknown}
 m - an uncursed ring of poison resistance {unknown}
Potions
 h - 3 potions of heal wounds {unknown}
 j - a potion of cure mutation {unknown}
 l - a potion of degeneration {unknown}
 o - a potion of paralysis {unknown}
 u - a potion of poison {unknown}
 v - 2 potions of resistance {unknown}
Books
 c - a book of Conjurations

   Spells                             Type                      Level
   *Magic Dart                        Conjuration                  1
   Force Lance                        Conjuration                  2
   Dazzling Spray                     Conjuration/Hexes            3
   *Iskenderun's Mystic Blast         Conjuration                  4
   *Iskenderun's Battlesphere         Conjuration/Charms           4
   Fulminant Prism                    Conjuration/Hexes            5


   Skills:
 - Level 2.4 Dodging
 - Level 2.4 Stealth
 + Level 4.0 Spellcasting
 + Level 5.5 Conjurations


You had 2 spell levels left.
You knew the following spells:

 Your Spells              Type           Power        Failure   Level  Hunger
a - Magic Dart            Conj           ####         1%          1    None
b - Iskenderun's Mystic   Conj           ####....     14%         4    ####...
c - Iskenderun's Battles  Conj/Chrm      ###.....     45%         4    ####...


Dungeon Overview and Level Annotations

Branches:
Dungeon (3/27)

Altars:
Nemelex Xobeh
Sif Muna

Annotations
D:3 Sigmund


Message History

Ouch! Sigmund closely misses you.
Ouch! Ouch!
Sigmund hits you from afar with a glowing scythe.
Are you sure you want to stumble around while confused and next to your battlesphere? [Y]es or [N]o only, please.
Are you sure you want to stumble around while confused and next to your battlesphere?
Okay, then.
Unknown command.
Are you sure you want to stumble around while confused and next to your battlesphere?
Ouch! You feel less confused.
Sigmund gestures wildly while chanting.
Sigmund flickers and vanishes!
Deactivating autopickup; reactivate with Ctrl-A.
The magic dart hits your battlesphere.
Your battlesphere is destroyed!
The puff of flame hits you!
Ouch! That really hurt!
You die...

.......#### #.# ..#....# #.#
.##....#### #.# .## .. .##.##....#
#.# .... ... .##.##....# #.# ...#
..... .##.##....# #.# #...# .....
.##.##.#### #.# ...# #....
.#...#.# ###.# {..# #..#.
.#.....#######..@#####...####..#(
..................ยง............#.
..#...##.#####...######..(.#...#.
..#.####.........................
..#.# #.#####...######.###....##
.##########################.##.#
.#..........................##.#
.#.####.####.####.####.####.##.#
.#.#..#.#).+.'..#.# +.+..#.##.#


There were no monsters in sight!

Vanquished Creatures
  Ijyb (D:3)
  2 adders
  A worm (D:2)
  4 giant geckos
  3 giant cockroaches
  3 goblins
  5 hobgoblins
  2 jackals (D:1)
  A quokka (D:3)
  6 bats
  5 giant newts
  8 kobolds
  7 rats
48 creatures vanquished.

Vanquished Creatures (others)
  A kobold (D:2)
1 creature vanquished.

Grand Total: 49 creatures vanquished

Notes
Turn   | Place    | Note
--------------------------------------------------------------
     0 | D:1      | Root, the Deep Elf Conjurer, began the quest for the Orb.
     0 | D:1      | Reached XP level 1. HP: 10/10 MP: 4/4
   641 | D:1      | Reached XP level 2. HP: 15/15 MP: 3/7
  1015 | D:2      | Reached skill level 5 in Conjurations
  1090 | D:2      | Reached XP level 3. HP: 19/19 MP: 2/10
  1423 | D:2      | Found a deep blue altar of Sif Muna.
  1471 | D:2      | Found a sparkling altar of Nemelex Xobeh.
  2020 | D:3      | Noticed Sigmund
  2188 | D:3      | Reached XP level 4. HP: 24/24 MP: 9/13
  2609 | D:3      | Learned a level 4 spell: Iskenderun's Mystic Blast
  2614 | D:3      | Learned a level 4 spell: Iskenderun's Battlesphere
  2732 | D:3      | Noticed Ijyb
  2740 | D:3      | Killed Ijyb
  2851 | D:3      | Killed from afar by Sigmund

Action                   |  1- 3 |  4- 6 || total
-------------------------+-------+-------++-------
Melee: Unarmed           |     3 |       ||     3
 Cast: Magic Dart        |    91 |    14 ||   105
       Iskenderun's Batt |       |     1 ||     1
